AoeStats
← pelto

Hideout

509098546Analyzed
1v1 RM · 7d ago on Sep 25, 2026· 50m 32s· 2 players
Game mode
Random Map
Map size
Tiny (2 player)
Population
200
Speed
Normal
Resources
Standard
Victory
Conquest
Starting age
Dark Age
Ending age
Imperial Age
RankedLock teamsTeams togetherTeam positionsShared explorationLock speedFull tech treeHidden civsTurbo modeCheats
Victory
Defeat
🇬🇧 Franks · United Kingdom
660
+13
🇺🇸 Portuguese · United States
590
-13
pelto
2:15 Loom
11:34 Feudal Age
13:11 Wheelbarrow
12:23 Town Watch
20:58 Scale Barding Armor
25:52 Castle Age
25:56 Bloodlines
26:48 Forging
29:37 Hand Cart
31:20 Pikeman
34:02 Town Patrol
36:50 Husbandry
36:58 Murder Holes
41:38 Imperial Age
VenerableGiraffe
0:49 Loom
13:58 Feudal Age
22:13 Castle Age
23:41 Ordonnance Companies
25:49 Wheelbarrow
25:04 Double-Bit Axe
25:17 Gold Mining
25:17 Stone Mining
27:51 Scale Barding Armor
28:40 Husbandry
31:17 Forging
37:29 Ballistics
37:05 Murder Holes
42:26 Imperial Age
43:33 Cavalier
44:37 Chain Barding Armor
44:53 Iron Casting
44:09 Fletching
Connection lost

Rejoining the realm…

Still unreachable

The connection could not be restored.

Session expired

The server has moved on; the page needs a fresh start.